A- SE
DAYTONA TORTUGAS @ CHARLOTTE STONE CRABS
07/19/2041
 
TOP OF THE 1ST
Daytona Tortugas batting - Pitching for Charlotte Stone Crabs : RHP Tim Jones
Pitching: RHP Tim Jones
Batting: RHB Pete King 0-0: Swinging Strike
0-1: Called Strike
0-2: Strikes out swinging
Batting: RHB Phil Hill 0-0: Ball
1-0: Fly out, F4 (Popup, 4, EV 74.4 MPH)
Batting: LHB Zak O'Toole 0-0: Ball
1-0: Ball
2-0: Ball
3-0: Called Strike
3-1: Base on Balls
Batting: RHB Kevin Brooks 0-0: Ball
1-0: SINGLE (Line Drive, 6M, EV 108.8 MPH)
Zak O'Toole to second
Runner from 2nd tries for 3rd, SAFE, throw by CF made to third
Batting: RHB César Fernández 0-0: DOUBLE (Flyball, 89XD, EV 103.8 MPH)
Zak O'Toole scores
Kevin Brooks to third
Runner from 3rd tries for Home, throw by CF and OUT! 8-4-2
Top of the 1st over - 1 run, 2 hits, 0 errors, 1 left on base; Daytona 1 - Charlotte 0
BOTTOM OF THE 1ST
Charlotte Stone Crabs batting - Pitching for Daytona Tortugas : RHP Jeff Harrell
Pitching: RHP Jeff Harrell
Batting: RHB Juan Rodríguez 0-0: Ball
1-0: Swinging Strike
1-1: Called Strike
1-2: Foul Ball, location: 2F
1-2: Ground out 6-3 (Groundball, 56, EV 88.8 MPH)
Batting: RHB Nunno Gerardo 0-0: Ball
1-0: Ball
2-0: DOUBLE (Flyball, 8RXD, EV 108.1 MPH)
Batting: LHB Jonathan Owens 0-0: Ball
1-0: Swinging Strike
1-1: Ball
2-1: Ground out U3 (Groundball, 3, EV 90.0 MPH)
Nunno Gerardo to third
Batting: RHB Juan Sánchez 0-0: Fly out, F8 (Flyball, 8RD, EV 94.4 MPH)
Bottom of the 1st over - 0 runs, 1 hit, 0 errors, 1 left on base; Daytona 1 - Charlotte 0
TOP OF THE 2ND
Daytona Tortugas batting - Pitching for Charlotte Stone Crabs : RHP Tim Jones
Batting: LHB Steve Wolfe 0-0: Foul Ball, location: 25F
0-1: Foul Ball, location: 9LSF
0-2: Strikes out swinging
Batting: RHB Gene Glass 0-0: Ball
1-0: Ball
2-0: Fly out, F7 (Flyball, 7LD, EV 89.4 MPH)
Batting: RHB Greg Allison 0-0: Ball
1-0: Ball
2-0: Ball
3-0: Called Strike
3-1: Called Strike
3-2: Strikes out swinging
Top of the 2nd over - 0 runs, 0 hits, 0 errors, 0 left on base; Daytona 1 - Charlotte 0
BOTTOM OF THE 2ND
Charlotte Stone Crabs batting - Pitching for Daytona Tortugas : RHP Jeff Harrell
Batting: RHB Luis Sánchez 0-0: Ball
1-0: Ball
2-0: Called Strike
2-1: Ball
3-1: Swinging Strike
3-2: Fly out, F9 (Flyball, 9, EV 81.9 MPH)
Batting: RHB José Rivera 0-0: Swinging Strike
0-1: Foul Ball, location: 2F
0-2: Ball
1-2: Ball
2-2: Ball
3-2: Foul Ball, location: 2F
3-2: Base on Balls
Batting: RHB José Fernández 0-0: Ball
José Rivera is caught stealing 2nd base 2-4
1-0: Called Strike
1-1: Foul Ball, location: 2RF
1-2: Ball
2-2: Ball
3-2: Strikes out swinging
Bottom of the 2nd over - 0 runs, 0 hits, 0 errors, 0 left on base; Daytona 1 - Charlotte 0
TOP OF THE 3RD
Daytona Tortugas batting - Pitching for Charlotte Stone Crabs : RHP Tim Jones
Batting: LHB Ernesto Pacheco 0-0: Called Strike
0-1: Foul Ball, location: 7LMF
0-2: Fly out, F7 (Flyball, 7S, EV 77.5 MPH)
Batting: RHB Pete King 0-0: SINGLE (Line Drive, 6MD, EV 98.1 MPH)
Batting: RHB Phil Hill 0-0: Called Strike
0-1: Ball
1-1: Ball
2-1: Ball
3-1: DOUBLE (Line Drive, 3D, EV 96.3 MPH)
Pete King to third
Runner from 3rd tries for Home, SAFE, no throw by RF
Batting: LHB Zak O'Toole 0-0: Ball
1-0: Ground out 4-3 (Groundball, 4, EV 85.0 MPH)
Phil Hill to third
Batting: RHB Kevin Brooks 0-0: Called Strike
0-1: Foul Ball, location: 5FF
0-2: Ground out 1-3 (Groundball, 15, EV 71.9 MPH)
Top of the 3rd over - 1 run, 2 hits, 0 errors, 1 left on base; Daytona 2 - Charlotte 0
BOTTOM OF THE 3RD
Charlotte Stone Crabs batting - Pitching for Daytona Tortugas : RHP Jeff Harrell
Batting: LHB Andy Turner 0-0: Called Strike
0-1: Ball
1-1: Bunt for hit to 3S - play at first, batter OUT! 3-4
Batting: RHB António Mojica 0-0: Foul Ball, location: 5F
0-1: Ball
1-1: Called Strike
1-2: Fly out, F9 (Line Drive, 89M, EV 100.6 MPH)
Batting: RHB Juan Rodríguez 0-0: Ball
1-0: Foul Ball, location: 5SF
1-1: Ground out 6-3 (Groundball, 6, EV 87.5 MPH)
Bottom of the 3rd over - 0 runs, 0 hits, 0 errors, 0 left on base; Daytona 2 - Charlotte 0
TOP OF THE 4TH
Daytona Tortugas batting - Pitching for Charlotte Stone Crabs : RHP Tim Jones
Batting: RHB César Fernández 0-0: Swinging Strike
0-1: Called Strike
0-2: Ball
1-2: Foul Ball, location: 9LMF
1-2: Ball
2-2: Foul Ball, location: 9LMF
2-2: Foul Ball, location: 9LSF
2-2: SINGLE (Groundball, 3S, EV 68.1 MPH) (infield hit)
Batting: LHB Steve Wolfe 0-0: Ball
1-0: Called Strike
1-1: Swinging Strike
1-2: Foul Ball, location: 5DF
1-2: DOUBLE (Flyball, 78D, EV 94.4 MPH)
César Fernández to third
Batting: RHB Gene Glass 0-0: Ball
1-0: Ground out U3 (Groundball, 3, EV 100.0 MPH)
Batting: RHB Greg Allison 0-0: Called Strike
0-1: Ground out 5-3 (Groundball, 5, EV 78.8 MPH)
Batting: LHB Ernesto Pacheco 0-0: Ball
1-0: Fly out, F5 (Popup, 5, EV 65.6 MPH)
Top of the 4th over - 0 runs, 2 hits, 0 errors, 2 left on base; Daytona 2 - Charlotte 0
BOTTOM OF THE 4TH
Charlotte Stone Crabs batting - Pitching for Daytona Tortugas : RHP Jeff Harrell
Batting: RHB Nunno Gerardo 0-0: Fly out, F8 (Flyball, 8RD, EV 94.4 MPH)
Batting: LHB Jonathan Owens 0-0: Ball
1-0: Ball
2-0: Fly out, F7 (Flyball, 78S, EV 87.5 MPH)
Batting: RHB Juan Sánchez 0-0: Foul Ball, location: 9LSF
0-1: Ball
1-1: Called Strike
1-2: Ball
2-2: Strikes out swinging
Bottom of the 4th over - 0 runs, 0 hits, 0 errors, 0 left on base; Daytona 2 - Charlotte 0
TOP OF THE 5TH
Daytona Tortugas batting - Pitching for Charlotte Stone Crabs : RHP Tim Jones
Batting: RHB Pete King 0-0: Called Strike
0-1: Ball
1-1: Foul Ball, location: 2F
1-2: Ball
2-2: Ball
3-2: Strikes out swinging
Batting: RHB Phil Hill 0-0: Called Strike
0-1: Foul Ball, location: 2RF
0-2: Ball
1-2: SINGLE (Line Drive, 4MD, EV 96.3 MPH)
Batting: LHB Zak O'Toole 0-0: Called Strike
0-1: Ball
1-1: Foul Ball, location: 2RF
1-2: Foul Ball, location: 2F
1-2: Grounds into double play, 4-6-3 (Groundball, 4, EV 85.0 MPH)
Top of the 5th over - 0 runs, 1 hit, 0 errors, 0 left on base; Daytona 2 - Charlotte 0
BOTTOM OF THE 5TH
Charlotte Stone Crabs batting - Pitching for Daytona Tortugas : RHP Jeff Harrell
Batting: RHB Luis Sánchez 0-0: Ball
1-0: Called Strike
1-1: Hit by Pitch
Batting: RHB José Rivera 0-0: Ball
1-0: Called Strike
1-1: Foul Ball, location: 2F
1-2: Fly out, F7 (Flyball, 78M, EV 92.5 MPH)
Batting: RHB José Fernández 0-0: Ball
1-0: Ball
2-0: Foul Ball, location: 25FF
2-1: Fly out, F9 (Flyball, 9, EV 97.5 MPH)
Batting: LHB Andy Turner 0-0: SINGLE (Line Drive, 34D, EV 98.1 MPH)
Luis Sánchez to second
Batting: RHB António Mojica 0-0: Ball
1-0: Swinging Strike
1-1: Swinging Strike
1-2: Foul Ball, location: 7LDF
1-2: Ball
2-2: Ball
3-2: Strikes out swinging
Bottom of the 5th over - 0 runs, 1 hit, 0 errors, 2 left on base; Daytona 2 - Charlotte 0
TOP OF THE 6TH
Daytona Tortugas batting - Pitching for Charlotte Stone Crabs : RHP Tim Jones
Batting: RHB Kevin Brooks 0-0: Foul Ball, location: 25F
0-1: Ball
1-1: SINGLE (Line Drive, 56D, EV 96.3 MPH)
Batting: RHB César Fernández 0-0: Called Strike
0-1: Called Strike
0-2: Grounds out, U3 (Groundball, 3L, EV 85.0 MPH)
Batting: LHB Steve Wolfe 0-0: Called Strike
0-1: Ball
1-1: Ball
2-1: Swinging Strike
2-2: Ball
3-2: Foul Ball, location: 5F
3-2: Foul Ball, location: 7LMF
3-2: Base on Balls
Pitching: RHP Manny Pérez
Batting: RHB Gene Glass 0-0: 3-RUN HOME RUN (Flyball, 9D, EV 93.1 MPH), Distance : 351 ft
Batting: RHB Greg Allison 0-0: Ball
1-0: Ball
2-0: Ball
3-0: Base on Balls
Batting: LHB Ernesto Pacheco 0-0: Called Strike
0-1: Called Strike
0-2: Strikes out swinging
Batting: RHB Pete King 0-0: Called Strike
0-1: SINGLE (Groundball, 6MD, EV 95.6 MPH)
Greg Allison to second
Runner from 2nd tries for 3rd, OUT! 8-5
Top of the 6th over - 3 runs, 3 hits, 0 errors, 1 left on base; Daytona 5 - Charlotte 0
BOTTOM OF THE 6TH
Charlotte Stone Crabs batting - Pitching for Daytona Tortugas : RHP Jeff Harrell
Batting: RHB Juan Rodríguez 0-0: Ball
1-0: Called Strike
1-1: Ground out 6-3 (Groundball, 6, EV 112.5 MPH)
Batting: RHB Nunno Gerardo 0-0: Called Strike
0-1: Called Strike
0-2: Ball
1-2: Reached on error, E5 (Groundball, 56S, EV 65.0 MPH)
Batting: LHB Jonathan Owens 0-0: Ball
1-0: DOUBLE (Line Drive, 78XD, EV 104.4 MPH)
Nunno Gerardo to third
Runner from 3rd tries for Home, SAFE, throw by LF to home
Batting: RHB Juan Sánchez 0-0: Called Strike
0-1: Called Strike
0-2: Strikes out swinging
Batting: RHB Luis Sánchez 0-0: Foul Ball, location: 2F
0-1: Called Strike
0-2: Ball
1-2: Ball
2-2: Fly out, F6 (Line Drive, 6, EV 68.8 MPH)
Bottom of the 6th over - 1 run, 1 hit, 1 error, 1 left on base; Daytona 5 - Charlotte 1
TOP OF THE 7TH
Daytona Tortugas batting - Pitching for Charlotte Stone Crabs : RHP Manny Pérez
Batting: RHB Phil Hill 0-0: Ground out 1-3 (Groundball, 13, EV 65.6 MPH)
Batting: LHB Zak O'Toole 0-0: Called Strike
0-1: Fly out, F8 (Flyball, 8LXD, EV 106.9 MPH)
Batting: RHB Kevin Brooks 0-0: Ball
1-0: Ball
2-0: Foul Ball, location: 9LMF
2-1: Foul Ball, location: 7LMF
2-2: Strikes out swinging
Top of the 7th over - 0 runs, 0 hits, 0 errors, 0 left on base; Daytona 5 - Charlotte 1
BOTTOM OF THE 7TH
Charlotte Stone Crabs batting - Pitching for Daytona Tortugas : RHP Jeff Harrell
Batting: RHB José Rivera 0-0: Called Strike
0-1: Ball
1-1: Ball
2-1: Called Strike
2-2: Strikes out swinging
Batting: RHB José Fernández 0-0: Called Strike
0-1: Ball
1-1: Ground out 5-3 (Groundball, 5, EV 105.6 MPH)
Batting: LHB Andy Turner 0-0: Called Strike
0-1: Ball
1-1: Swinging Strike
1-2: Ball
2-2: Strikes out swinging
Bottom of the 7th over - 0 runs, 0 hits, 0 errors, 0 left on base; Daytona 5 - Charlotte 1
TOP OF THE 8TH
Daytona Tortugas batting - Pitching for Charlotte Stone Crabs : RHP Manny Pérez
Batting: RHB César Fernández 0-0: Ball
1-0: Ground out 4-3 (Groundball, 4, EV 106.3 MPH)
Batting: LHB Steve Wolfe 0-0: Ball
1-0: Fly out, F6 (Popup, 6MS, EV 57.5 MPH)
Batting: RHB Gene Glass 0-0: Called Strike
0-1: Foul Ball, location: 23F
0-2: Ball
1-2: Ball
2-2: Ground out 1-3 (Groundball, 13S, EV 68.1 MPH)
Top of the 8th over - 0 runs, 0 hits, 0 errors, 0 left on base; Daytona 5 - Charlotte 1
BOTTOM OF THE 8TH
Charlotte Stone Crabs batting - Pitching for Daytona Tortugas : RHP Jeff Harrell
Batting: RHB António Mojica 0-0: Foul Ball, location: 5FF
0-1: Fly out, F4 (Popup, 3S, EV 83.8 MPH)
Batting: RHB Juan Rodríguez 0-0: Ball
1-0: Foul Ball, location: 9LDF
1-1: Foul Ball, location: 2F
1-2: Ball
2-2: Foul Ball, location: 2F
2-2: Foul Ball, location: 3FF
2-2: Ball
3-2: Foul Ball, location: 2F
3-2: Foul Ball, location: 2F
3-2: Base on Balls
Pitching: RHP José Colón
Batting: RHB Nunno Gerardo 0-0: SINGLE (Line Drive, 4M, EV 100.0 MPH)
Juan Rodríguez to second
Batting: LHB Jonathan Owens 0-0: Ball
1-0: Ball
2-0: Ball
3-0: Fly out, F8 (Flyball, 8LD, EV 91.3 MPH)
Batting: RHB José Canseco 0-0: Ball
1-0: Foul Ball, location: 2F
1-1: Ball
2-1: Ball
3-1: Base on Balls
Juan Rodríguez to third
Nunno Gerardo to second
Pinch Hitting: RHB Danny Clemente 0-0: Ball
1-0: Ground out 6-3 (Groundball, 6M, EV 100.0 MPH)
Bottom of the 8th over - 0 runs, 1 hit, 0 errors, 3 left on base; Daytona 5 - Charlotte 1
TOP OF THE 9TH
Daytona Tortugas batting - Pitching for Charlotte Stone Crabs : RHP Manny Pérez
Now at 1B: Danny Clemente
Now at 3B: Nunno Gerardo
Batting: RHB Greg Allison 0-0: Foul Ball, location: 2F
0-1: Ground out 5-3 (Groundball, 56S, EV 70.6 MPH)
Pinch Hitting: LHB Julián Zamora 0-0: Ground out 6-3 (Groundball, 6, EV 80.0 MPH)
Batting: RHB Pete King 0-0: Ball
1-0: Swinging Strike
1-1: Ball
2-1: Called Strike
2-2: Foul Ball, location: 2F
2-2: Foul Ball, location: 5F
2-2: Foul Ball, location: 5DF
2-2: Strikes out swinging
Top of the 9th over - 0 runs, 0 hits, 0 errors, 0 left on base; Daytona 5 - Charlotte 1
BOTTOM OF THE 9TH
Charlotte Stone Crabs batting - Pitching for Daytona Tortugas : RHP José Colón
Now at C: José Reyes
Batting: RHB José Rivera 0-0: Ball
1-0: Ball
2-0: Ball
3-0: Base on Balls
Pinch Hitting: RHB Keith Abbott 0-0: Foul Ball, location: 23F
0-1: Ball
1-1: Ball
2-1: Ball
3-1: Fly out, F3 (Popup, 34S, EV 66.9 MPH)
Pinch Hitting: RHB Cristián Hurtado 0-0: Ball
1-0: Ball
2-0: Ball
3-0: Called Strike
3-1: Base on Balls
José Rivera to second
Pitching: RHP António Juárez
Pinch Hitting: LHB Sam Sheppard 0-0: Ball
1-0: Ball
2-0: Called Strike
2-1: Ball
Wild Pitch!
José Rivera to third
Cristián Hurtado to second
3-1: Base on Balls
Batting: RHB Juan Rodríguez 0-0: Swinging Strike
0-1: Fly out, F9 (Flyball, 9LS, EV 90.6 MPH)
Batting: RHB Nunno Gerardo 0-0: Ball
1-0: Called Strike
1-1: Foul Ball, location: 7LDF
1-2: Strikes out looking
Bottom of the 9th over - 0 runs, 0 hits, 0 errors, 3 left on base; Daytona 5 - Charlotte 1
Monday, April 1st , 2024 - OOTP Baseball 24.10 Build 82